 Dungeon Crawl Stone Soup version 0.31-a0-246-g8cbcc1cb85 (webtiles) character file.

Game seed: 4868121893114311884

28 vineage the Trooper (level 3, -3/24 HPs)
             Began as a Gargoyle Fighter on July 12, 2023.
             Slain by Sigmund
             ... wielding a +2 heavy scythe
              (9 damage)
             ... on level 2 of the Dungeon.
             The game lasted 00:01:09 (770 turns).

vineage the Trooper (Gargoyle Fighter)               Turns: 770, Time: 00:01:09

Health: -3/24      AC: 11    Str: 21    XL:     3   Next: 14%
Magic:  3/3        EV: 14    Int: 11    God:
Gold:   136        SH:  4    Dex:  9    Spells: 2/2 levels left

rFire   . . .        a - +0 flail
rCold   . . .        c - +0 buckler
rNeg    + . .        b - +0 scale mail
rPois   ∞            (no helmet)
rElec   +            (no cloak)
rCorr   .            e - +0 pair of gloves
SInv    .            (no boots)
Will    .....        (no amulet)
Stlth   +            g - ring "Vesaon" {Contam rElec EV+5 Int+3 Slay+3 Stlth+}
HPRegen 0.24/turn    (no ring)
MPRegen 0.08/turn

%: no passive effects
@: no status effects
A: sickness immunity, AC +3, negative energy resistance 1, electricity
resistance, torment resistance 1, petrification resistance
a: no special abilities


You were on level 2 of the Dungeon.
You visited 1 branch of the dungeon, and saw 2 of its levels.

You collected 136 gold pieces.

Inventory:

Hand Weapons
 a - a +0 flail (weapon)
Armour
 b - a +0 scale mail (worn)
 c - a +0 buckler (worn)
 e - a +0 pair of gloves (worn)
Jewellery
 g - the ring "Vesaon" (left hand) {Contam rElec EV+5 Int+3 Slay+3 Stlth+}
   (You acquired it on level 2 of the Dungeon)

   [ring of evasion]

   EV:        It affects your evasion (+5).
   Int:       It affects your intelligence (+3).
   Slay:      It affects your accuracy & damage with ranged weapons and melee
   (+3).
   rElec:     It insulates you from electricity.
   Contam:    It causes magical contamination when unequipped.
   Stlth:     It makes you more stealthy.
Scrolls
 h - a scroll of enchant weapon {unknown}
 j - a scroll of vulnerability {unknown}
 k - a scroll of teleportation {unknown}
Potions
 d - a potion of might
 f - 2 potions of heal wounds {unknown}
 i - a potion of magic {unknown}


   Skills:
 + Level 4.0 Fighting
 + Level 2.8 Maces & Flails
 - Level 3.2 Armour
 - Level 3.2 Shields


You had 2 spell levels left.
You didn't know any spells.
Your spell library contained the following spells:

 Spells                   Type           Power      Damage    Failure   Level
 Slow                     Hex            0%         N/A       75%         1
 Confusing Touch          Hex            0%         N/A       98%         3
 Vampiric Draining        Necr           0%         2d6       98%         3


Dungeon Overview and Level Annotations

Branches:
Dungeon (2/15)

Altars:

Annotations:
D:2 Sigmund


Innate Abilities, Weirdness & Mutations

You are immune to sickness and miasma.
Your stone body is resilient. (AC +3)
You are immune to poison.
You resist negative energy. (rN+)
You are resistant to electric shocks. (rElec)
You are resistant to unholy torment.
You are immune to petrification.


Message History

The adder is severely wounded.
The adder bites you but does no damage. The adder misses you.
You thump the adder!
You kill the adder!
Your Fighting skill increases to level 4!
You have reached level 3!
Your experience leads to an increase in your attributes!
Your base attributes are Str 19, Int 8, Dex 9.
Increase (S)trength, (I)ntelligence, or (D)exterity?
You feel stronger. x2
There is a stone staircase leading down here.
You start resting.
HP restored.
You start waiting.
Done waiting.
You climb downwards.
Level annotation: Sigmund The giant cockroach closely misses you.
You block the giant cockroach's attack.
There is a stone staircase leading up here.
You hit the giant cockroach.
You kill the giant cockroach!
You see here a giant cockroach corpse.
There is a stone staircase leading up here.
You see here a giant cockroach corpse.
Sigmund gestures wildly while chanting.
Sigmund flickers and vanishes!
Deactivating autopickup; reactivate with Ctrl-A.
There is a stone staircase leading up here.
You see here a giant cockroach corpse.
There is a stone staircase leading up here.
Something hits you.
You see here a giant cockroach corpse.
There is a stone staircase leading up here.
Something hits you!
Ouch! That really hurt!
* * * LOW HITPOINT WARNING * * *
You see here a giant cockroach corpse.
There is a stone staircase leading up here.
Something hits you!
You die...

.......
.......
.......
.......
.......###
.......#@#
.......#†#
...[...{.#
#........#
#........#
#.........
#..........
#.......##..
#####.#..
.##


There were no monsters in sight!

Vanquished Creatures
  An adder (D:1)
  2 ball pythons (D:1)
  3 endoplasms (D:1)
  A giant cockroach (D:2)
  A hobgoblin (D:1)
  2 quokkas (D:1)
  3 bats (D:1)
  A frilled lizard (D:1)
  2 kobolds (D:1)
  2 rats (D:1)
18 creatures vanquished.

Notes
Turn   | Place    | Note
-------+----------+-------------------------------------------
     0 | D:1      | vineage the Gargoyle Fighter began the quest for the Orb.
     0 | D:1      | Reached XP level 1. HP: 14/14 MP: 1/1
   151 | D:1      | Reached XP level 2. HP: 15/19 MP: 2/2
   595 | D:2      | Identified a scroll of acquirement
   595 | D:2      | Acquired the ring "Vesaon" {Contam rElec EV+5 Int+3 Slay+3
                  | Stlth+}
   599 | D:2      | Noticed Sigmund
   610 | D:1      | Reached skill level 4 in Fighting
   610 | D:1      | Reached XP level 3. HP: 12/24 MP: 3/3
   770 | D:2      | Slain by Sigmund

Illustrated notes

Levels and vault maps discovered:
D:1:      saegor_arrival_simple_b, layout_rooms, serial_glass, glass_columns_b,
          glass_columns_b, minmay_strange_pillars, item_on_display_b,
          item_on_display_a, feat_on_display, minmay_misc_feat_nine_boxes
D:2:      layout_basic, ebering_ecumenical_altar_mist, uniq_sigmund

Skill      XL: |  1  2 |
---------------+-------+-----
Fighting       | 4 |  4.0
Maces & Flails | |  2.8
Armour         | |  3.2
Shields        | |  3.2

Action                     || total
---------------------------++-------
  Melee: Flail             ||    71
    Use: Scroll            ||     1
 Armour: Scale mail        ||    56
  Dodge: Dodged            ||    46
  Block: Buckler           ||    16

Table legend: (Time is in decaauts)
 A = Elapsed time spent in this place.
 B = Non-inter-level travel time spent in this place.
 C = Inter-level travel time spent in this place.
 D = Time resting spent in this place.
 E = Time spent auto-exploring this place.
 F = Levels seen in this place.
 G = Mean time per level.
                   A        B        C        D        E       F      G
               +--------+--------+--------+--------+--------+-----+--------+
         Total |    793 |    761 |     32 |    146 |    425 |   2 |  396.5 |
       Dungeon |    793 |    761 |     32 |    146 |    425 |   2 |  396.5 |
               +--------+--------+--------+--------+--------+-----+--------+

Top non-repeatable levels by time:
     D:1: 768 daAuts
     D:2: 24 daAuts
